 Dungeon Crawl Stone Soup version 0.31-a0-1370-gf52a5a9ab3 (webtiles) character file.

Game seed: 11656961263427956271

52 thriggle the Magician (level 3, 0/25 HPs)
             Began as a Demonspawn Hedge Wizard on Dec 24, 2023.
             Was an Initiate of Dithmenos.
             Slain by a worm (5 damage)
             ... on level 3 of the Dungeon.
             The game lasted 00:08:32 (1484 turns).

thriggle the Magician (Demonspawn Hedge Wizard)     Turns: 1484, Time: 00:08:33

Health: 0/25       AC:  2    Str: 10    XL:     3   Next: 60%
Magic:  7/7        EV: 12    Int: 16    God:    Dithmenos [......]
Gold:   184        SH:  0    Dex: 12    Spells: 2/8 levels left

rFire   . . .        n - +2 hand axe (freeze)
rCold   . . .        (no shield)
rNeg    . . .        b - +0 robe
rPois   .            c - +0 hat
rElec   .            (no cloak)
rCorr   .            (no gloves)
SInv    .            (no boots)
Will    .....        (no amulet)
Stlth   ++           (no ring)
HPRegen 0.24/turn    (no ring)
MPRegen 0.20/turn

%: no passive effects
@: no status effects
A: magic regeneration
a: Renounce Religion


You were on level 3 of the Dungeon.
You worshipped Dithmenos.
Dithmenos was noncommittal.
You visited 1 branch of the dungeon, and saw 3 of its levels.

You collected 184 gold pieces.

Inventory:

Hand Weapons
 a - a +0 dagger
 i - a +0 short sword
 n - a +2 hand axe of freezing (weapon)
Missiles
 h - 7 stones
Armour
 b - a +0 robe (worn)
 c - a +0 hat (worn)
 k - a +0 scale mail
 p - a +0 ring mail
Magical Staves
 j - a staff of fire
Scrolls
 l - a scroll of revelation {unknown}
 m - 3 scrolls of amnesia
 o - 2 scrolls of enchant weapon {unknown}
 q - a scroll of teleportation
Potions
 d - a potion of magic
 e - 3 potions of curing
 f - 2 potions of brilliance {unknown}
 g - a potion of might {unknown}


   Skills:
 + Level 0.8 Fighting
 - Level 0.6 Short Blades
 + Level 0.2 Axes
 + Level 2.0 Dodging
 + Level 2.1 Stealth
 + Level 3.1 Spellcasting
 + Level 1.5 Conjurations
 + Level 0.3 Hexes
 + Level 1.5 Summonings
 - Level 1.0 Translocations
 + Level 0.0 Air Magic
 + Level 0.5 Alchemy


You had 2 spell levels left.
You knew the following spells:

 Your Spells              Type           Power      Damage    Failure   Level
a - Magic Dart            Conj           28%        1d4       10%         1
b - Call Imp              Summ           14%        N/A       14%         2
c - Mephitic Cloud        Conj/Alch/Air  4%         N/A       38%         3

Your spell library contained the following spells:

 Spells                   Type           Power      Damage    Failure   Level
 Slow                     Hex            12%        N/A       16%         1
 Blink                    Tloc           10%        N/A       19%         2
 Cigotuvi's Dreadful Rot  Necr/Alch/Air  6%         N/A       26%         2
 Ensorcelled Hibernation  Hex/Ice        6%         N/A       26%         2
 Passwall                 Alch/Erth      2%         N/A       26%         2
 Swiftness                Air            2%         N/A       47%         3
 Fugue of the Fallen      Necr           2%         N/A       50%         3
 Anguish                  Hex/Necr       1%         N/A       86%         4


Dungeon Overview and Level Annotations

Branches:
Dungeon (3/15)

Altars:
Dithmenos

Shops:
D:3 (


Innate Abilities, Weirdness & Mutations

You regenerate magic rapidly.


Message History

The hobgoblin is moderately wounded.
The hobgoblin misses you.
You hit the hobgoblin. You freeze the hobgoblin.
You kill the hobgoblin!
Dithmenos accepts your kill.
You slash the quokka! You freeze the quokka.
You kill the quokka!
Dithmenos accepts your kill.
A kobold comes into view. It is wielding a +0 short sword.
You hit the worm. You freeze the worm.
The worm is lightly wounded.
The kobold shouts!
The worm barely misses you.
You hit the worm. You freeze the worm.
The worm is heavily wounded.
The worm bites you.
You barely miss the worm.
The worm is moderately wounded.
The worm bites you!
You hit the worm. You freeze the worm.
The worm is heavily wounded.
The worm barely misses you.
You hit the worm. You freeze the worm.
The worm is severely wounded.
You completely miss the kobold. Your punch misses the kobold.
You barely miss the worm.
The kobold hits you with a +0 short sword.
The worm bites you!
* * * LOW HITPOINT WARNING * * *
You slash the kobold! You freeze the kobold.
You kill the kobold!
Dithmenos accepts your kill.
You barely miss the worm. You barely miss the worm.
The worm is heavily wounded.
The worm bites you but does no damage.
You barely miss the worm.
The worm is heavily wounded.
The worm bites you.
You die...

.. ... ...#.###.###.......<
...##.. #.##.....#
#.##)#### .......
#.##..######)##..[
.......##.##.........######
...#....##...#######
#....#.......####
#................#
####....†#...###.#
......#.)@.......
#.#...#.w#)###...
.............. ..#
......<......## #..
....#.......# ..
......###.... ..... ..###
.### ...


You could see a worm.

Vanquished Creatures
  2 giant cockroaches
  9 goblins
  5 hobgoblins
  4 jackals (D:2)
  2 quokkas (D:3)
  5 ball pythons
  4 bats
  5 frilled lizards
  9 kobolds
  3 rats
48 creatures vanquished.

Notes
Turn   | Place    | Note
-------+----------+-------------------------------------------
     0 | D:1      | thriggle the Demonspawn Hedge Wizard began the quest for
                  | the Orb.
     0 | D:1      | Reached XP level 1. HP: 13/13 MP: 4/4
   145 | D:1      | Reached skill level 1 in Translocations
   283 | D:1      | Gained mutation: You regenerate magic rapidly. [demonic
                  | ancestry]
   283 | D:1      | Reached XP level 2. HP: 20/20 MP: 3/6
   701 | D:2      | Learned a level 2 spell: Call Imp
   791 | D:2      | Reached XP level 3. HP: 24/25 MP: 3/7
   856 | D:2      | Learned a level 3 spell: Mephitic Cloud
  1306 | D:3      | Found Nooffuyng's Weapon Shop.
  1362 | D:3      | Found a shadowy altar of Dithmenos.
  1370 | D:3      | Became a worshipper of Dithmenos the Shadowed
  1484 | D:3      | Slain by a worm

Illustrated notes

Levels and vault maps discovered:
D:1:      wander_arrival_chamber, layout_loops_cross
D:2:      layout_basic
D:3:      layout_basic, mainiacjoe_overflow_alcove_2, serial_shops,
          nicolae_shop_trees

Skill      XL: |  1  2 |
---------------+-------+-----
Translocations | 1 |  1.0
Dodging        | 2 |  2.0
Stealth        | 2 |  2.1
Fighting       | |  0.8
Short Blades   | |  0.6
Axes           | |  0.2
Spellcasting   | |  3.1
Conjurations   | |  1.5
Hexes          | |  0.3
Summonings     | |  1.5
Alchemy        | |  0.5

Action                     || total
---------------------------++-------
  Melee: Dagger            ||     3
         Short sword       ||    17
         Hand axe          ||    58
   Cast: Magic Dart        ||    37
    Use: Scroll            ||     4
   Stab: Sleeping          ||     4
 Armour: Robe              ||    30
  Dodge: Dodged            ||    43

Table legend: (Time is in decaauts)
 A = Elapsed time spent in this place.
 B = Non-inter-level travel time spent in this place.
 C = Inter-level travel time spent in this place.
 D = Time resting spent in this place.
 E = Time spent auto-exploring this place.
 F = Levels seen in this place.
 G = Mean time per level.
                   A        B        C        D        E       F      G
               +--------+--------+--------+--------+--------+-----+--------+
         Total |   1499 |   1458 |     41 |      0 |    790 |   3 |  499.7 |
       Dungeon |   1499 |   1458 |     41 |      0 |    790 |   3 |  499.7 |
               +--------+--------+--------+--------+--------+-----+--------+

Top non-repeatable levels by time:
     D:2: 664 daAuts
     D:1: 630 daAuts
     D:3: 204 daAuts
